 Dungeon Crawl Stone Soup version 0.24-a0-232-g49d9ff8 (webtiles) character file.

Game seed: 12532098917495059801

1012 emperorscorpion the Cudgeler (level 7, 0/60 HPs)
             Began as a Demigod Wanderer on Apr 4, 2019.
             Succumbed to a worker ant's poison
             ... on level 6 of the Dungeon.
             The game lasted 00:13:34 (5381 turns).

emperorscorpion the Cudgeler (Demigod Wanderer)     Turns: 5381, Time: 00:13:35

Health: 0/60       AC: 10    Str: 17    XL:     7   Next: 69%
Magic:  18/18      EV: 11    Int: 15    God:
Gold:   236        SH:  0    Dex: 18    Spells: 6/6 levels left

rFire    . . .     SeeInvis .   i - -2 whip (curse)
rCold    . . .     Gourm    .   (no shield)
rNeg     . . .     Faith    .   b - +2 scale mail
rPois    .         Spirit   .   (no helmet)
rElec    .         Reflect  .   (no cloak)
rCorr    .         Harm     .   (no gloves)
MR       .....                  (no boots)
Stlth    +.........             p - amulet of regeneration
HPRegen  0.60/turn              o - +2 ring of protection
MPRegen  0.16/turn              l - ring of magical power

@: lethally poisoned (0 -> -14)
A: high mp 1
a: no special abilities


You were on level 6 of the Dungeon.
You were near starving.

You visited 1 branch of the dungeon, and saw 7 of its levels.

You collected 236 gold pieces.

Inventory:

Hand Weapons
 a - a +0 mace
 i - a cursed -2 whip (weapon)
 j - a +0 broad axe
Missiles
 e - 6 curare-tipped needles
 h - 4 tomahawks (quivered)
 q - 22 poisoned needles
Armour
 b - a +2 scale mail (worn)
Jewellery
 f - an uncursed ring of resist corrosion
 l - a ring of magical power (right hand)
 n - an uncursed amulet of guardian spirit
 o - a +2 ring of protection (left hand)
 p - an amulet of regeneration (around neck)
 t - an uncursed ring of wizardry {unknown}
Scrolls
 c - 2 scrolls of teleportation
 g - a scroll of immolation
 k - 2 scrolls of identify
 m - a scroll of fear
Potions
 r - a potion of curing
 s - a potion of brilliance
Comestibles
 d - 13 rations


   Skills:
 + Level 4.6 Fighting
 + Level 6.4(6.5) Maces & Flails
   Level 1.0(4.1) Staves
 + Level 1.1 Throwing
 + Level 3.4 Armour
 + Level 2.7 Dodging
 + Level 1.3 Stealth


You had 6 spell levels left.
You didn't know any spells.
Your spell library contained the following spells:

 Spells                   Type           Power        Failure   Level  Hunger
 Magic Dart               Conj           #...         65%         1    ##.....
 Blink                    Tloc           N/A          78%         2    ###....
 Call Imp                 Summ           #.......     78%         2    ###....
 Slow                     Hex            #.......     78%         2    ###....
 Conjure Flame            Conj/Fire      #.......     95%         3    ####...
 Mephitic Cloud           Conj/Pois/Air  #.......     95%         3    ####...


Dungeon Overview and Level Annotations

Branches:
Dungeon (7/15)             Temple (0/1) D:5

Shops:
D:2 *

Annotations:
D:5 Pikel


Innate Abilities, Weirdness & Mutations

You have an increased reservoir of magic. (+10% MP)


Message History

* * * LOW HITPOINT WARNING * * *
You feel sick.
The ice beast hits you but does no damage.
The worker ant bites you.
* * * LOW HITPOINT WARNING * * *
You hit the worker ant but do no damage.
The worker ant is heavily wounded.
* * * LOW HITPOINT WARNING * * *
You feel sick.
The ice beast hits you but does no damage.
You hit the worker ant but do no damage.
The worker ant is heavily wounded.
* * * LOW HITPOINT WARNING * * *
You feel sick. The worker ant misses you. The ice beast hits you.
* * * LOW HITPOINT WARNING * * *
The ice beast freezes you!
* * * LOW HITPOINT WARNING * * *
You hit the worker ant.
The worker ant is severely wounded.
You die...

....... ...... ......
.....# .....# ....>#
.....#
.....#################
.....(.((<>....a@....#
......(.(......Y.....#
.....................#
.....................#
.....................#
.....................#
.....................#
###..................#
#.............


You could see an ice beast and a worker ant.

Vanquished Creatures
  3 slaves (D:5)
  2 phantoms (D:4)
  2 ogres
  A wyvern skeleton (D:7)
  A vampire bat (D:5)
  2 hounds
  3 orc wizards (D:5)
  An orc priest (D:4)
  2 iguanas
  A worker ant (D:4)
  A hound skeleton (D:4)
  2 worker ant zombies (D:6)
  A howler monkey zombie (D:5)
  11 adders
  2 shadow imps
  A worm (D:5)
  5 dart slugs
  3 fire bats (D:5)
  4 leopard geckos
  12 orcs
  A spectral bat (D:5)
  16 bats
  A bat simulacrum (D:5)
  3 bat skeletons (D:5)
  A bat zombie (D:5)
  2 giant cockroaches
  5 goblins
  4 hobgoblins
  3 jackals
  7 kobolds
  2 quokkas
  A ball python (D:3)
  3 frilled lizards (D:2)
  A leopard gecko zombie (D:5)
  A quokka skeleton (D:6)
  6 rats
117 creatures vanquished.

Vanquished Creatures (others)
  A spectral bat (D:5)
1 creature vanquished.

Grand Total: 118 creatures vanquished

Notes
Turn   | Place    | Note
-------+----------+-------------------------------------------
     0 | D:1      | emperorscorpion the Demigod Wanderer began the quest for
                  | the Orb.
     0 | D:1      | emperorscorpion set off with the following items: a +0
                  | mace, a +2 scale mail, a scroll of teleportation, a ration
     0 | D:1      | Reached XP level 1. HP: 18/18 MP: 3/3
   354 | D:1      | Reached XP level 2. HP: 26/26 MP: 4/4
   718 | D:1      | Reached skill level 3 in Maces & Flails
   915 | D:2      | Reached XP level 3. HP: 20/31 MP: 5/5
  1212 | D:2      | Found a faded altar of an unknown god.
  1551 | D:2      | You fall through a shaft for 2 floors!
  1566 | D:4      | Noticed a phantom
  1603 | D:3      | Reached skill level 1 in Dodging
  1603 | D:3      | Reached XP level 4. HP: 33/38 MP: 6/6
  1683 | D:2      | Found an opulent altar of Gozag.
  1683 | D:2      | Found Gozag's Platinum Reserve.
  1836 | D:3      | Found a basalt altar of Yredelemnul.
  1987 | D:3      | Found a sparkling altar of Nemelex Xobeh.
  2409 | D:4      | Killed a phantom
  2409 | D:4      | Reached skill level 4 in Maces & Flails
  2409 | D:4      | Reached XP level 5. HP: 44/46 MP: 7/7
  2507 | D:4      | You fall through a shaft for 3 floors!
  2507 | D:7      | Noticed an ogre
  2520 | D:7      | Killed an ogre
  2551 | D:7      | Found a hide-covered altar of Uskayaw.
  2552 | D:7      | Found a deep blue altar of Sif Muna.
  2555 | D:7      | Found a sacrificial altar of Ru.
  2555 | D:7      | Found a basalt altar of Yredelemnul.
  2555 | D:7      | Found a glowing golden altar of the Shining One.
  2591 | D:7      | Reached XP level 6. HP: 13/52 MP: 8/8
  2592 | D:7      | HP: 2/52 [scorpion (5)]
  2717 | D:5      | Entered Level 5 of the Dungeon
  3099 | D:4      | Reached skill level 5 in Maces & Flails
  3294 | D:4      | Reached XP level 7. HP: 33/60 MP: 9/9
  3915 | D:5      | Found a staircase to the Ecumenical Temple.
  4016 | D:5      | Reached skill level 6 in Maces & Flails
  4026 | D:5      | Found a radiant altar of Vehumet.
  4851 | D:5      | Noticed Pikel
  5380 | D:6      | HP: 1/60 [ice beast (10)]
  5381 | D:6      | Succumbed to a worker ant's poison

Levels and vault maps discovered:
D:1:      minmay_arrival_radiant_lines, layout_loops_ring
D:2:      layout_rooms, chequers_ecumenical_altar_simple, grunt_ministairs_6,
          nicolae_gozag_zags_fifth_avenue
D:3:      layout_loops_ring, nemelex_xobeh_ov_fountains_minmay,
          yredelemnul_altar_generic
D:4:      kennysheep_six_static_rooms, layout_basic,
          minmay_misc_feat_more_columns
D:5:      layout_basic, minmay_temple_entry_glassed_door, basic_altar,
          first_ration, goddamned_bats, uniq_pikel
D:6:      layout_gridville, enter_ossuary_1, cheibriados_altar_1
D:7:      layout_rooms, grunt_temple_overflow_open

Skill      XL: |  1  2  3  4  5  6  7 |
---------------+----------------------+-----
Fighting       | 3 4 |  4.6
Maces & Flails | 3 4 5 6 |  6.4
Dodging        | 1 2 |  2.7
Armour         | 2 3 |  3.4
Staves         | |  1.0
Throwing       | |  1.1
Stealth        | |  1.3

Action                   |  1- 3 |  4- 6 |  7- 9 || total
-------------------------+-------+-------+-------++-------
Melee: Mace              |   118 |   216 |       ||   334
       Whip              |       |    19 |   466 ||   485
  Use: Scroll            |     5 |     3 |     1 ||     9
       Potion            |       |     6 |       ||     6
  Eat: Chunk             |     2 |     6 |     6 ||    14
Armor: Scale mail        |    73 |   114 |   233 ||   420
Dodge: Dodged            |    72 |   112 |   255 ||   439

Table legend:
 A = Non-vault XP
 B = Vault XP
 C = Vault XP percentage of total XP
 D = Non-vault monster count
 E = Vault monster count
 F = Vault count percentage of total count
                 A         B        C        D         E       F
            +---------+---------+-------+---------+---------+-------
      Total |    1121 |     326 |  22.5 |      88 |      26 |  22.8
            +---------+---------+-------+---------+---------+-------
        D:1 |      29 |       0 |   0.0 |      13 |       0 |   0.0
        D:2 |      75 |       6 |   7.4 |      25 |       2 |   7.4
        D:3 |      66 |       0 |   0.0 |      13 |       0 |   0.0
        D:4 |     461 |     143 |  23.7 |      13 |       5 |  27.8
        D:5 |     226 |     177 |  43.9 |      16 |      19 |  54.3
        D:6 |      45 |       0 |   0.0 |       4 |       0 |   0.0
        D:7 |     219 |       0 |   0.0 |       4 |       0 |   0.0
            +---------+---------+-------+---------+---------+-------
